 Dungeon Sprint DCSS version 0.27-a0-988-g25969acef8 (webtiles) character file.

Game seed: 13944665616539194975

17631 mhtbhm the Sorcerer (level 12, 0/62 HPs)
             Began as a Deep Elf Earth Elementalist on Apr 15, 2021.
             Was the Champion of Vehumet.
             Slain by a warg (5 damage)
             ... led by an orc knight
             ... in the Dungeon (Sprint VII: "The Pits").
             The game lasted 00:10:27 (3322 turns).

mhtbhm the Sorcerer (Deep Elf Earth Elementalist)   Turns: 3322, Time: 00:10:27

Health: 0/62       AC:  4    Str:  5    XL:     12   Next: 20%
Magic:  37/51      EV: 15    Int: 32    God:    Vehumet [******]
Gold:   31         SH:  0    Dex: 15    Spells: 36/60 levels left

rFire    . . .     SeeInvis .   a - +4 quarterstaff (speed)
rCold    . . .     Faith    .   (shield currently unavailable)
rNeg     + + .     Spirit   .   c - +0 robe
rPois    .         Reflect  .   C - +0 hat "Gaute" {*Corrode rN++ Will++ Slay+6}
rElec    .         Harm     .   (no cloak)
rCorr    .         Rampage  .   r - +0 pair of gloves
Will     +++..     NoTele   +   s - +0 pair of boots
Stlth    +++.......             (no amulet)
HPRegen  0.20/turn              x - +6 ring of intelligence
MPRegen  0.32/turn              z - ring of magical power

@: lethally poisoned (0 -> -24)
A: no striking features
a: Renounce Religion


You were in the Dungeon.
You worshipped Vehumet.
Vehumet was exalted by your worship.
You visited 1 branch You collected 31 gold pieces.

Inventory:

Hand Weapons
 a - a +4 quarterstaff of speed (weapon)
Missiles
 u - 18 stones (quivered)
Armour
 c - a +0 robe (worn)
 r - a +0 pair of gloves (worn)
 s - a +0 pair of boots (worn)
 C - the +0 hat "Gaute" (worn) {*Corrode rN++ Will++ Slay+6}
   (You found it in the Dungeon)

   It affects your accuracy and damage with ranged weapons and melee attacks
   (+6).
   It greatly protects you from negative energy.
   It may corrode you when you take damage.
   It greatly increases your willpower.
Jewellery
 x - a +6 ring of intelligence (left hand)
 y - a +6 ring of intelligence
 z - a ring of magical power (right hand)
 B - a ring of resist corrosion
Scrolls
 i - 2 scrolls of blinking
 j - 5 scrolls of amnesia
 k - a scroll of summoning
 l - 2 scrolls of fear
 n - 2 scrolls of fog
 v - 2 scrolls of enchant armour
 w - a scroll of identify
 A - 2 scrolls of enchant weapon
Potions
 b - a potion of lignification
 d - 11 potions of curing
 e - 14 potions of heal wounds
 f - a potion of haste
 g - 3 potions of magic
 h - 4 potions of berserk rage
 m - 2 potions of invisibility
 o - a potion of resistance
 p - 3 potions of brilliance
 q - 2 potions of mutation
 t - a potion of flight


   Skills:
 + Level 2.2 Fighting
 + Level 1.3 Staves
 + Level 0.4 Throwing
 + Level 6.2 Dodging
 + Level 5.9 Stealth
 + Level 24.8 Spellcasting
 + Level 4.6 Conjurations
 + Level 2.9 Transmutations
 + Level 0.7 Air Magic
 + Level 21.2 Earth Magic
 + Level 1.4 Poison Magic


You had 36 spell levels left.
You knew the following spells:

 Your Spells              Type           Power      Damage    Failure   Level
a - Sandblast             Erth           100%       2d20      0%          1
b - Passwall              Tmut/Erth      72%        N/A       0%          2
c - Stone Arrow           Conj/Erth      100%       3d13      0%          3
d - Lee's Rapid Deconstr  Erth           54%        3d26*     0%          5
e - Petrify               Tmut/Erth      87%        N/A       1%          4
f - Mephitic Cloud        Conj/Pois/Air  52%        N/A       1%          3
g - Eringya's Noxious Bo  Tmut/Pois      26%        N/A       11%         6

Your spell library contained the following spells:

 Spells                   Type           Power      Damage    Failure   Level
 Starburst                Conj/Fire      26%        8x6d8     11%         6
 Summon Forest            Summ/Tloc      19%        N/A       19%         5
 Summon Mana Viper        Hex/Summ       39%        N/A       19%         5
 Shadow Creatures         Summ           N/A        N/A       71%         6
 Summon Hydra             Summ           19%        N/A       99%         7


Dungeon Overview and Level Annotations

Branches:
Dungeon (1/1)

Altars:
Ashenzari
Cheibriados
Dithmenos
Elyvilon
Fedhas
Gozag
Hepliaklqana
Kikubaaqudgha
Makhleb
Nemelex Xobeh
Okawaru
Qazlal
Ru
Sif Muna
Trog
Uskayaw
Vehumet
Wu Jian
Xom
Yredelemnul
Zin
The Shining One
Beogh
Jiyva
Lugonu

Annotations:
D Arachne, Sonja


Message History

Confirm with . or Enter, or press ? or * to list all spells.
Aiming: Lee's Rapid Deconstruction (safe; 0% risk of failure)
Press: ? - help, Dir - move target A metal wall.
The metal wall shatters!
Vehumet accepts your kill.
You feel your power returning.
You feel a bit more experienced.
The blast of metal fragments hits the orc priest!!!!
You kill the orc priest!
Vehumet accepts your kill.
You feel your power returning.
The blast of metal fragments hits the blink frog!!!!
You kill the blink frog!
Vehumet accepts your kill.
You feel your power returning.
Sonja gestures wildly while chanting.
Sonja blinks!
The warg bites you!
Unknown command.
Unknown command.
Casting: Lee's Rapid Deconstruction (safe; 0% risk of failure)
Confirm with . or Enter, or press ? or * to list all spells.
Aiming: Lee's Rapid Deconstruction (safe; 0% risk of failure)
Press: ? - help, Dir - move target An open door.
The stone door frame shatters!
The blast of rock fragments hits the adder!!!
You kill the adder!
Vehumet accepts your kill.
You feel your power returning.
The blast of rock fragments hits the warg!!
The warg is severely wounded.
You hear a howl!
You hear a bellow!
Arachne stares at you and mumbles some strange words.
The bolt of poison hits the warg!
The bolt of poison hits you!!!
You are poisoned.
Ouch! That really hurt!
* * * LOW HITPOINT WARNING * * *
A spriggan comes into view. It is wielding a +0 short sword.
The warg bites you.
You die...

#....................''........
#..################..##..#....#
#..# #i# #..##........ #..# #K#
#..##........ #..# #H#
#..####''#### #..# #:#
#..####''#### #..# #)#
#..##......##
#..#########'######..##.#)##.##
###............h@......##.#).+.##
.##....................## +).# ##
.###########++########## #..+ #
.###########++########## +[.# #
'##................##..# ##+# #
.##......#..#......##..# #
.##................''..# #
..'................''..##########
###......#..#......##......†...†.


You could see Arachne, a warg, Sonja and a spriggan (wandering).

Vanquished Creatures
  A nagaraja (D)
  An orc warlord (D)
  Harold (D)
  Erolcha (D)
  A hydra (D)
  An alligator snapping turtle (D)
  A two-headed ogre (D)
  An alligator (D)
  A shadow wraith (D)
  A bog body (D)
  A phantasmal warrior (D)
  A manticore (D)
  An elephant (D)
  2 molten gargoyles (D)
  A guardian serpent (D)
  2 orange demons (D)
  2 rime drakes (D)
  3 kobold demonologists (D)
  A freezing wraith (D)
  A demonic crawler (D)
  2 komodo dragons (D)
  An ice devil (D)
  5 blink frogs (D)
  An air elemental (D)
  A snapping turtle (D)
  A redback (D)
  A tarantella (D)
  A wraith (D)
  Eustachio (D)
  A fire bat (D)
  A steam dragon (D)
  4 vampire mosquitoes (D)
  A warg (D)
  2 acid dragons (D)
  A water moccasin (D)
  A black bear (D)
  4 orc warriors (D)
  An ogre (D)
  3 centaurs (D)
  4 wolves (D)
  2 phantoms (D)
  A gnoll sergeant (D)
  A small abomination (D)
  A quasit (D)
  3 orc priests (D)
  3 hounds (D)
  2 gnoll shamans (D)
  2 orc wizards (D)
  Terence (D)
  3 adders (D)
  13 gnolls (D)
  An ufetubus (D)
  15 orcs (D)
  2 ball pythons (D)
  A goblin (D)
  3 hobgoblins (D)
  2 jackals (D)
  2 quokkas (D)
  A bat (D)
  A kobold (D)
  A rat (D)
123 creatures vanquished.

Notes
Turn   | Place    | Note
-------+----------+-------------------------------------------
     0 | D        | mhtbhm the Deep Elf Earth Elementalist began the quest for
                  | the Orb.
     0 | D        | Reached XP level 1. HP: 10/10 MP: 6/6
    11 | D        | Reached XP level 2. HP: 15/15 MP: 4/8
    43 | D        | Found a bloodstained altar of Trog.
    43 | D        | Found a shimmering blue altar of Sif Muna.
    43 | D        | Found a viscous altar of Jiyva.
    43 | D        | Found a hazy altar of Hepliaklqana.
    43 | D        | Found an opulent altar of Gozag.
    44 | D        | Found a glowing golden altar of the Shining One.
    44 | D        | Found a glowing silver altar of Zin.
    44 | D        | Found a basalt altar of Yredelemnul.
    44 | D        | Found a shimmering altar of Xom.
    44 | D        | Found an ornate altar of the Wu Jian Council.
    44 | D        | Found a sacrificial altar of Ru.
    44 | D        | Found a stormy altar of Qazlal.
    44 | D        | Found an iron altar of Okawaru.
    44 | D        | Found a sparkling altar of Nemelex Xobeh.
    44 | D        | Found a burning altar of Makhleb.
    44 | D        | Found a blossoming altar of Fedhas.
    44 | D        | Found a white marble altar of Elyvilon.
    44 | D        | Found a shadowy altar of Dithmenos.
    44 | D        | Found a snail-covered altar of Cheibriados.
    46 | D        | Found a radiant altar of Vehumet.
    46 | D        | Found a corrupted altar of Lugonu.
    47 | D        | Found a hide-covered altar of Uskayaw.
    47 | D        | Found an ancient bone altar of Kikubaaqudgha.
    47 | D        | Found a broken altar of Ashenzari.
    56 | D        | Became a worshipper of Vehumet
    74 | D        | Reached skill level 5 in Earth Magic
    75 | D        | Reached skill level 4 in Spellcasting
   114 | D        | Learned a level 2 spell: Passwall
   115 | D        | Reached * piety under Vehumet
   115 | D        | Offered knowledge of Foxfire by Vehumet.
   128 | D        | Noticed a black bear
   135 | D        | Reached XP level 3. HP: 16/19 MP: 9/11
   135 | D        | Reached ** piety under Vehumet
   136 | D        | Reached skill level 5 in Spellcasting
   140 | D        | Learned a level 3 spell: Stone Arrow
   224 | D        | Killed a black bear
   225 | D        | Reached skill level 7 in Spellcasting
   225 | D        | Reached XP level 4. HP: 24/24 MP: 8/15
   389 | D        | Noticed a gnoll sergeant
   401 | D        | Offered knowledge of Shock by Vehumet.
   402 | D        | Reached XP level 5. HP: 28/28 MP: 15/17
   403 | D        | Noticed Terence
   405 | D        | Reached *** piety under Vehumet
   406 | D        | Reached skill level 8 in Spellcasting
   406 | D        | Reached skill level 1 in Conjurations
   408 | D        | Reached skill level 5 in Dodging
   409 | D        | Reached skill level 9 in Spellcasting
   409 | D        | Reached **** piety under Vehumet
   409 | D        | Noticed an orc warrior
   417 | D        | Reached ***** piety under Vehumet
   421 | D        | Killed an orc warrior
   422 | D        | Reached skill level 5 in Stealth
   422 | D        | Reached skill level 10 in Spellcasting
   422 | D        | Reached skill level 10 in Earth Magic
   422 | D        | Reached XP level 6. HP: 18/32 MP: 9/21
   425 | D        | Reached skill level 11 in Spellcasting
   425 | D        | Killed Terence
   551 | D        | Reached skill level 12 in Spellcasting
   587 | D        | Learned a level 5 spell: Lee's Rapid Deconstruction
   592 | D        | Learned a level 4 spell: Petrify
   595 | D        | Offered knowledge of Mephitic Cloud by Vehumet.
   621 | D        | Learned a level 3 spell: Mephitic Cloud
   623 | D        | Noticed a fire bat
   624 | D        | Killed a fire bat
   624 | D        | Offered knowledge of Iskenderun's Mystic Blast by Vehumet.
   624 | D        | Reached ****** piety under Vehumet
   625 | D        | Reached skill level 1 in Fighting
   625 | D        | Reached XP level 7. HP: 36/38 MP: 21/25
   626 | D        | Reached skill level 13 in Spellcasting
   636 | D        | Noticed a tarantella
   636 | D        | Noticed a kobold demonologist
   638 | D        | Reached skill level 14 in Spellcasting
   639 | D        | Killed a tarantella
   639 | D        | Noticed a kobold demonologist
   640 | D        | Reached XP level 8. HP: 43/43 MP: 17/28
   640 | D        | Killed a kobold demonologist
   641 | D        | Reached skill level 15 in Spellcasting
   641 | D        | Killed a kobold demonologist
   641 | D        | Noticed a kobold demonologist
   643 | D        | Reached skill level 16 in Spellcasting
   643 | D        | Killed a kobold demonologist
   879 | D        | Offered knowledge of Conjure Flame by Vehumet.
   880 | D        | Reached XP level 9. HP: 46/48 MP: 25/31
   882 | D        | Noticed a freezing wraith
   883 | D        | Reached skill level 17 in Spellcasting
   883 | D        | Killed a freezing wraith
   901 | D        | Noticed a rime drake
   905 | D        | Reached skill level 15 in Earth Magic
   905 | D        | Killed a rime drake
   906 | D        | Reached skill level 18 in Spellcasting
  1033 | D        | Noticed Erolcha
  1034 | D        | Offered knowledge of Conjure Ball Lightning by Vehumet.
  1035 | D        | Killed Erolcha
  1036 | D        | Reached skill level 19 in Spellcasting
  1037 | D        | Reached XP level 10. HP: 22/53 MP: 24/35
  1291 | D        | Noticed an elephant
  1291 | D        | Noticed a molten gargoyle
  1292 | D        | Killed a molten gargoyle
  1300 | D        | Killed an elephant
  1300 | D        | Offered knowledge of Yara's Violent Unravelling by Vehumet.
  1301 | D        | Reached skill level 20 in Spellcasting
  1419 | D        | Noticed a bog body
  1419 | D        | Noticed an orange demon
  1425 | D        | Killed a bog body
  1427 | D        | Killed an orange demon
  1618 | D        | Noticed Eustachio
  1618 | D        | Noticed a two-headed ogre
  1632 | D        | Killed Eustachio
  1635 | D        | Killed a two-headed ogre
  1636 | D        | Reached skill level 21 in Spellcasting
  1889 | D        | Noticed a molten gargoyle
  1894 | D        | Killed a molten gargoyle
  1949 | D        | Noticed a five-headed hydra
  1949 | D        | Noticed Harold
  1955 | D        | Offered knowledge of Bolt of Magma by Vehumet.
  1956 | D        | Killed a five-headed hydra
  1957 | D        | Reached XP level 11. HP: 57/57 MP: 21/38
  1959 | D        | Killed Harold
  1960 | D        | Reached skill level 1 in Poison Magic
  2173 | D        | Noticed an alligator snapping turtle
  2177 | D        | Offered knowledge of Iskenderun's Battlesphere by Vehumet.
  2178 | D        | Reached skill level 22 in Spellcasting
  2178 | D        | Killed a shadow wraith
  2190 | D        | Killed an alligator snapping turtle
  2440 | D        | Got the amulet of Oliul {Spirit Slay+3}
  2583 | D        | Noticed a phantasmal warrior
  2586 | D        | Killed a phantasmal warrior
  2587 | D        | Reached skill level 23 in Spellcasting
  2600 | D        | Noticed an alligator
  2603 | D        | Killed an alligator
  2607 | D        | Offered knowledge of Irradiate by Vehumet.
  2811 | D        | Offered knowledge of Eringya's Noxious Bog by Vehumet.
  3056 | D        | Noticed a nagaraja
  3059 | D        | Killed a nagaraja
  3060 | D        | Reached skill level 24 in Spellcasting
  3139 | D        | Learned a level 6 spell: Eringya's Noxious Bog
  3188 | D        | Noticed an orc warlord
  3191 | D        | Reached skill level 1 in Staves
  3191 | D        | Killed an orc warlord
  3191 | D        | Offered knowledge of Starburst by Vehumet.
  3192 | D        | Reached XP level 12. HP: 62/62 MP: 42/42
  3241 | D        | Got the +0 hat "Gaute" {*Corrode rN++ Will++ Slay+6}
  3316 | D        | Noticed Sonja
  3316 | D        | Noticed an orc warlord
  3318 | D        | Noticed Arachne
  3319 | D        | Noticed a fire dragon
  3322 | D        | Slain by a warg

Illustrated notes

Levels and vault maps discovered:
D:        pitsprint [storerooms_1, entrance_room_1, metal_vault_5, armoury_2,
          mini_pit_1, grid_room_1, main_hall_1, silver_pit, the_coven_3,
          the_vestibule_1, steel_vault_4, golden_pit, hallway_of_sentries,
          crystal_vault_2, iron_vault_5, final_vault]

Skill      XL: |  1  2  3  4  5  6  7  8  9 10 11 12 |
---------------+-------------------------------------+-----
Earth Magic    | 4 6 8 10 11 12 14 16 18 20 21 | 21.2
Spellcasting   | 4 7 10 12 14 16 19 21 24 | 24.8
Dodging        | 3 4 5 6 |  6.2
Stealth        | 3 4 5 |  5.9
Conjurations   | 1 2 3 4 |  4.6
Fighting       | 1 2 |  2.2
Transmutations | 2 |  2.9
Poison Magic   | 1 |  1.4
Staves         | 1 |  1.3
Throwing       | |  0.4
Air Magic      | |  0.7

Action                   |  1- 3 |  4- 6 |  7- 9 | 10-12 || total
-------------------------+-------+-------+-------+-------++-------
Melee: Quarterstaff      |       |       |       |     1 ||     1
Throw: Throwing net      |       |       |       |     1 ||     1
 Cast: Sandblast         |    10 |    28 |       |     2 ||    40
       Stone Arrow       |     2 |     4 |       |     6 ||    12
       Lee's Rapid Decon |       |     2 |    18 |    67 ||    87
       Petrify           |       |       |       |     4 ||     4
       Mephitic Cloud    |       |       |       |     3 ||     3
  Use: Potion            |       |     2 |       |     1 ||     3
       Scroll            |       |       |       |     1 ||     1
Armor: Robe              |     1 |       |       |     5 ||     6
Dodge: Dodged            |     5 |    15 |     2 |    22 ||    44

Table legend: (Time is in decaauts)
 A = Elapsed time spent in this place.
 B = Non-inter-level travel time spent in this place.
 C = Inter-level travel time spent in this place.
 D = Time resting spent in this place.
 E = Time spent auto-exploring this place.
 F = Levels seen in this place.
 G = Mean time per level.
                   A        B        C        D        E       F      G
               +--------+--------+--------+--------+--------+-----+--------+
         Total |   3317 |   3282 |     35 |   2259 |    108 |   1 | 3317.0 |
       Dungeon |   3317 |   3282 |     35 |   2259 |    108 |   1 | 3317.0 |
               +--------+--------+--------+--------+--------+-----+--------+

Top non-repeatable levels by time:
       D: 3317 daAuts
